 Dungeon Crawl Stone Soup version 0.19.0-20-gbc5f0c6 (webtiles) character file.

202 Leibowitz the Sneak (level 5, 0/44 HPs)
             Began as a Naga Enchanter on Nov 16, 2016.
             Slain by an orc priest
             ... wielding a +2 mace of draining
              (7 damage)
             ... on level 3 of the Dungeon.
             The game lasted 00:13:34 (3922 turns).

Leibowitz the Sneak (Naga Enchanter)                Turns: 3922, Time: 00:13:35

Health: 0/44       AC:  3    Str: 11    XL:     5   Next: 80%
Magic:  0/9        EV:  9    Int: 16    God:
Gold:   79         SH:  0    Dex: 11    Spells: 3 memorised, 4 levels left

rFire  + . .     SeeInvis +     a - +0 short sword
rCold  + . .     Gourm    .     b - +1 robe
rNeg   . . .     Faith    .     (no shield)
rPois  +         Spirit   .     (no helmet)
rElec  .         Reflect  .     (no cloak)
rCorr  .         Harm     .     (no gloves)
MR     .....                    (no barding)
Stlth  ++........               (no amulet)
                                t - ring of protection from cold
                                h - ring of protection from fire

@: short of breath, heavily drained, very slow
A: see invisible, deformed body, poison resistance, slowness 2, slow metabolism
1, spit poison 1, AC +1
a: Spit Poison


You were on level 3 of the Dungeon.
You were not hungry.

You visited 1 branch of the dungeon, and saw 3 of its levels.

You collected 79 gold pieces.

Inventory:

Hand Weapons
 a - a +0 short sword (weapon)
Missiles
 o - 8 javelins (quivered)
Armour
 b - a +1 robe (worn)
 j - a cursed +0 cloak
Jewellery
 h - a ring of protection from fire (left hand)
 t - a ring of protection from cold (right hand)
Scrolls
 e - a scroll of random uselessness
 k - 4 scrolls of identify {unknown}
 n - a scroll of amnesia
 p - a scroll of immolation {unknown}
 u - a scroll of enchant armour {unknown}
Potions
 g - 2 potions of curing {unknown}
 l - a potion of magic {unknown}
 m - a potion of cure mutation {unknown}
 q - a potion of flight {unknown}
 r - 3 potions of mutation {unknown}
Books
 c - a book of Maledictions

   Spells                             Type                      Level
   a - Corona                         Hexes                        1
   b - Ensorcelled Hibernation        Hexes/Ice                    2
   c - Confuse                        Hexes                        3
   d - Tukima's Dance                 Hexes                        3
   e - Dazzling Spray                 Conjuration/Hexes            3
Comestibles
 d - a bread ration
 v - a chunk of flesh
 w - a meat ration


   Skills:
 + Level 1.1(0.0) Fighting
 + Level 2.2(0.5) Short Blades
 + Level 2.0(0.3) Dodging
 + Level 5.9(4.0) Stealth
 * Level 3.1(1.4) Spellcasting
 + Level 3.6(1.8) Hexes
 + Level 1.0(0.0) Ice Magic


You had 4 spell levels left.
You knew the following spells:

 Your Spells              Type           Power        Failure   Level  Hunger
a - Corona                Hex            #......      12%         1    ##.....
b - Ensorcelled Hibernat  Hex/Ice        #.....       24%         2    ###....
c - Confuse               Hex            #.......     34%         3    ####...


Dungeon Overview and Level Annotations

Branches:
Dungeon (3/15)

Altars:
Fedhas
Kikubaaqudgha
Ru

Annotations:
D:3 marsu's ghost, amateur MiFi


Innate Abilities, Weirdness & Mutations

You cannot wear boots.
Your serpentine skin is tough. (AC +1)
You have supernaturally acute eyesight. (SInv)
Armour fits poorly on your strangely shaped body.
Your system is resistant to poisons. (rPois)
You cover ground very slowly.
You have a slow metabolism.
You can spit poison.


Message History

The orc priest misses you.
The orc hits you from afar with a trident.
* * * LOW HITPOINT WARNING * * *
Marsu's ghost (amateur Minotaur Fighter) comes into view.
Press: ? - help, Shift-Dir - straight line, f/p - orc priest
Aim: an orc priest, wielding a mace of draining (heavily wounded)
The splash of poison hits the orc priest.
The orc priest is severely wounded.
You feel slightly more hungry.
Marsu's ghost turns its malevolent gaze towards you.
The orc priest barely misses you.
Marsu's ghost moves out of view.
The orc hits you from afar with a trident.
* * * LOW HITPOINT WARNING * * *
You hear a shout!
Unknown command.
As you read the scroll labeled YPPERA CIHO, it crumbles to dust.
It is a scroll of recharging.
You aren't carrying any rechargeable items.
The orc priest hits you with a mace of draining!
You die...

#.# ##.........#.#
$.......#...#.#.###
..................#
#....###..###..###.#
#..#.# #s.#......#
#..#.#.#..###..###.#
..
#..o...oo.........
#.#.#..#o#..###...
#.#oo#@#..# #
#..###..# .... ....
.#..# #..#. #.#..#
#..#.# # #..# ..# #
....


You could see an orc priest, 2 orcs and a giant cockroach.

Vanquished Creatures
  An orc priest (D:3)
  An orc wizard (D:3)
  4 adders
  4 worms (D:2)
  2 dart slugs (D:2)
  5 leopard geckos
  3 orcs (D:3)
  2 ball pythons (D:2)
  9 bats
  4 giant cockroaches
  13 goblins
  9 hobgoblins
  2 jackals (D:1)
  2 quokkas (D:2)
  9 frilled lizards
  6 kobolds
  6 rats
82 creatures vanquished.

Notes
Turn   | Place    | Note
-------+----------+-------------------------------------------
     0 | D:1      | Leibowitz the Naga Enchanter began the quest for the Orb.
     0 | D:1      | Reached XP level 1. HP: 15/15 MP: 3/3
   591 | D:1      | Reached XP level 2. HP: 22/22 MP: 5/5
   601 | D:1      | Learned a level 2 spell: Ensorcelled Hibernation
  1098 | D:1      | Reached skill level 5 in Stealth
  1378 | D:1      | Reached XP level 3. HP: 14/30 MP: 6/6
  1539 | D:1      | Learned a level 3 spell: Confuse
  2271 | D:2      | HP: 1/30 [worm (10)]
  2582 | D:2      | Reached XP level 4. HP: 37/37 MP: 4/7
  3310 | D:2      | Found a sacrificial altar of Ru.
  3310 | D:2      | Found an ancient bone altar of Kikubaaqudgha.
  3310 | D:2      | Found a blossoming altar of Fedhas.
  3540 | D:3      | Reached XP level 5. HP: 33/43 MP: 4/8
  3874 | D:3      | Reached skill level 1 in Fighting
  3902 | D:3      | Reached skill level 1 in Ice Magic
  3921 | D:3      | Noticed marsu's ghost (amateur MiFi)
  3922 | D:3      | Slain by an orc priest

Skill      XL: |  1  2  3  4  5 |
---------------+----------------+-----
Stealth        | 5 |  5.9
Dodging        | 2 |  2.0
Short Blades   | 2 |  2.2
Fighting       | 1 |  1.1
Spellcasting   | 3 |  3.1
Ice Magic      | 1 |  1.0
Hexes          | |  3.6

Action                   |  1- 3 |  4- 6 || total
-------------------------+-------+-------++-------
Melee: Dagger            |   156 |    68 ||   224
       Short sword       |       |   171 ||   171
 Cast: Corona            |     2 |     1 ||     3
       Ensorcelled Hiber |    13 |    21 ||    34
       Confuse           |     4 |     8 ||    12
 Abil: Spit Poison       |       |     2 ||     2
  Use: Scroll            |       |     4 ||     4
       Potion            |       |     1 ||     1
 Stab: Sleeping          |    12 |    21 ||    33
       Confused          |     1 |     1 ||     2
       Distracted        |     1 |       ||     1
  Eat: Chunk             |     4 |     7 ||    11
Armor: Robe              |    30 |    46 ||    76
Dodge: Dodged            |    92 |    97 ||   189
